 Dungeon Crawl Stone Soup version 0.28-a0-479-g5baa6b73be (webtiles) character file.

Game seed: 2440490008311363916

29 Dabor the Sneak (level 3, 0/16 HPs)
             Began as a Spriggan Enchanter on Sept 19, 2021.
             Succumbed to an adder's poison
             ... on level 1 of the Dungeon.
             The game lasted 00:04:24 (3436 turns).

Dabor the Sneak (Spriggan Enchanter)                Turns: 3436, Time: 00:04:24

Health: 0/16       AC:  2    Str:  5    XL:     3   Next: 1%
Magic:  8/8        EV: 17    Int: 16    God:
Gold:   81         SH:  0    Dex: 15    Spells: 8/8 levels left

rFire   . . .      SeeInvis +   a - +1 dagger
rCold   . . .      Faith    .   (shield restricted)
rNeg    . . .      Spirit   .   b - +0 robe
rPois   .          Reflect  .   (helmet restricted)
rElec   .          Harm     .   (no cloak)
rCorr   .          Rampage  .   (gloves unavailable)
Will    .....                   (boots unavailable)
Stlth   +++.......              (no amulet)
HPRegen 0.05/turn               (no ring)
MPRegen 0.11/turn               (no ring)

@: lethally poisoned (0 -> -5), very quick
A: very small, no large weapons, unfitting armour, see invisible, speed 3
a: no special abilities


You were on level 1 of the Dungeon.
You visited 1 branch of the dungeon, and saw 2 of its levels.

You collected 81 gold pieces.

Inventory:

Hand Weapons
 a - a +1 dagger (weapon)
Armour
 b - a +0 robe (worn)
Scrolls
 d - a scroll of silence {unknown}
 e - a scroll of amnesia {unknown}
 g - a scroll of identify {unknown}
Potions
 c - a potion of invisibility
 f - a potion of curing {unknown}


   Skills:
 + Level 0.2 Fighting
 * Level 2.0 Short Blades
 + Level 3.1 Dodging
 + Level 4.8 Stealth
 + Level 3.0 Spellcasting
 + Level 3.9 Hexes


You had 8 spell levels left.
You didn't know any spells.
Your spell library contained the following spells:

 Spells                   Type           Power      Damage    Failure   Level
 Confusing Touch          Hex            15%        N/A       11%         3
 Tukima's Dance           Hex            15%        N/A       11%         3
 Ensorcelled Hibernation  Hex/Ice        16%        N/A       13%         2
 Summon Small Mammal      Summ           8%         N/A       19%         1
 Dazzling Flash           Conj/Hex       16%        N/A       26%         3
 Summon Guardian Golem    Hex/Summ       8%         N/A       26%         3
 Call Canine Familiar     Summ           2%         N/A       50%         3


Dungeon Overview and Level Annotations

Branches:
Dungeon (2/15)

Altars:


Innate Abilities, Weirdness & Mutations

You are very small and have problems with some larger weapons.
You are too small for most types of armour.
You have supernaturally acute eyesight. (SInv)
You cover ground extremely quickly. (Speed+++)


Message History

You have reached level 3!
Your experience leads to an increase in your attributes!
Increase (S)trength, (I)ntelligence, or (D)exterity?
You feel stronger.
You feel sick.
You feel sick.
You are no longer poisoned.
You start resting.
An adder is nearby!
The adder hisses angrily.
You hit the adder but do no damage. The adder misses you.
You barely miss the adder. The adder barely misses you.
You barely miss the adder. The adder barely misses you. The adder misses you.
You hit the adder.
The adder is lightly wounded.
The adder closely misses you.
Press: ? - help, v - describe, . - travel
Here: an adder (lightly wounded)
The floor.
You closely miss the adder.
The adder is lightly wounded.
The adder bites you.
You closely miss the adder.
The adder is lightly wounded.
The adder bites you but does no damage.
You closely miss the adder.
The adder hisses angrily.
The adder barely misses you.
You barely miss the adder. The adder closely misses you. The adder bites you.
* * * LOW HITPOINT WARNING * * *
The adder bites you.
* * * LOW HITPOINT WARNING * * *
You are lethally poisoned!
The adder poisons you!
* * * LOW HITPOINT WARNING * * *
You feel sick.
* * * LOW HITPOINT WARNING * * *
You feel sick.
You die...

..##.####...# #.###.## #..
.....###..### #.....# ###
S.####...## ###..## .......###
##.# ..S...## ### ......#
.....####
.....S..##################
................@.S......########
.....#######.....................
.....# ######################
.....# .....# ######


You could see an adder.

Vanquished Creatures
  5 ball pythons (D:1)
  2 endoplasms (D:1)
  2 hobgoblins (D:1)
  3 jackals (D:1)
  3 kobolds (D:1)
  2 quokkas (D:1)
  2 frilled lizards (D:1)
  4 goblins
  3 rats
26 creatures vanquished.

Notes
Turn   | Place    | Note
-------+----------+-------------------------------------------
     0 | D:1      | Dabor the Spriggan Enchanter began the quest for the Orb.
     0 | D:1      | Reached XP level 1. HP: 9/9 MP: 5/5
   393 | D:1      | Reached XP level 2. HP: 9/13 MP: 6/6
  3303 | D:1      | Reached XP level 3. HP: 6/16 MP: 8/8
  3436 | D:1      | Succumbed to an adder's poison

Illustrated notes

Levels and vault maps discovered:
D:1:      dpeg_arrival_tiny_a, layout_rooms
D:2:      layout_rooms, minmay_fountain_box

Skill      XL: |  1  2 |
---------------+-------+-----
Dodging        | 3 |  3.1
Short Blades   | 2 |  2.0
Spellcasting   | 3 |  3.0
Fighting       | |  0.2
Stealth        | |  4.8
Hexes          | |  3.9

Action                   || total
-------------------------++-------
Melee: Dagger            ||   142
  Use: Scroll            ||     1
 Stab: Sleeping          ||     4
Armor: Robe              ||    13
Dodge: Dodged            ||   106

Table legend: (Time is in decaauts)
 A = Elapsed time spent in this place.
 B = Non-inter-level travel time spent in this place.
 C = Inter-level travel time spent in this place.
 D = Time resting spent in this place.
 E = Time spent auto-exploring this place.
 F = Levels seen in this place.
 G = Mean time per level.
                   A        B        C        D        E       F      G
               +--------+--------+--------+--------+--------+-----+--------+
         Total |   3072 |   3062 |     10 |   2023 |    479 |   2 | 1536.0 |
       Dungeon |   3072 |   3062 |     10 |   2023 |    479 |   2 | 1536.0 |
               +--------+--------+--------+--------+--------+-----+--------+

Top non-repeatable levels by time:
     D:1: 2296 daAuts
     D:2: 775 daAuts
